 Dungeon Crawl Stone Soup version 0.31-a0-1005-gfbdfbacc72 (webtiles) character file.

Game seed: 10358851347478694833

1280 Chiseanne the Trooper (level 8, -8/58 HPs)
             Began as an Octopode Wanderer on Nov 10, 2023.
             Engulfed by a steam dragon's steam (9 damage)
             ... on level 6 of the Dungeon on Nov 11, 2023.
             The game lasted 00:11:48 (4856 turns).

Chiseanne the Trooper (Octopode Wanderer)           Turns: 4856, Time: 00:11:48

Health: -8/58      AC:  4    Str: 10    XL:     8   Next: 54%
Magic:  9/9        EV: 14    Int: 16    God:
Gold:   282        SH: 13    Dex: 13    Spells: 8/9 levels left

rFire   . . .        s - +0 rapier
rCold   . . .        d - +3 buckler {AC+3}
rNeg    . . .        (helmet restricted)
rPois   .            f - amulet of reflection
rElec   .            A - ring of willpower
rCorr   .            (no ring)
SInv    .            (no ring)
Will    +....        (no ring)
Stlth   ++           (no ring)
HPRegen 0.29/turn    (no ring)
MPRegen 0.11/turn    (no ring)
                     (no ring)

%: reflection
@: no status effects
A: almost no armour, amphibious, 8 rings, camouflage 1, gelatinous body 1,
(nimble swimmer 1), tentacles
a: no special abilities


You were on level 6 of the Dungeon.
You visited 2 branches of the dungeon, and saw 7 of its levels.

You collected 282 gold pieces.

Inventory:

Hand Weapons
 a - a +1 whip of venom
 s - a +0 rapier (weapon)
 y - a +0 dagger of speed
Missiles
 e - 56 stones
 k - 3 throwing nets
 p - 21 poisoned darts (quivered)
 u - a curare-tipped dart
 w - 3 boomerangs
Armour
 d - a +3 buckler of protection (worn)
 v - a +0 tower shield
Jewellery
 f - an amulet of reflection (around mantle)
 j - an amulet of guardian spirit
 t - a +5 ring of evasion
 A - a ring of willpower (left tentacle)
Talismans
 z - a serpent talisman
Wands
 q - a wand of iceblast (8)
 x - a wand of quicksilver (6)
 C - a wand of flame (19)
Scrolls
 b - a scroll of fog
 c - 3 scrolls of blinking
 g - 4 scrolls of vulnerability
 o - 3 scrolls of amnesia
 r - a scroll of teleportation
Potions
 h - 2 potions of mutation {unknown}
 i - 2 potions of brilliance
 l - a potion of cancellation
 m - 4 potions of curing
 n - a potion of berserk rage
 B - a potion of enlightenment


   Skills:
 * Level 6.6 Fighting
 * Level 5.7 Dodging
 * Level 6.5 Shields
 - Level 1.0 Spellcasting
 - Level 1.2 Poison Magic
 - Level 1.1 Evocations


You had 8 spell levels left.
You knew the following spells:

 Your Spells              Type           Power      Damage    Failure   Level
a - Sting                 Tmut/Pois      8%         1d3       24%         1

Your spell library contained the following spells:

 Spells                   Type           Power      Damage    Failure   Level
 Summon Small Mammal      Summ           0%         N/A       30%         1
 Ensorcelled Hibernation  Hex/Ice        0%         N/A       43%         2
 Lesser Beckoning         Tloc           0%         N/A       43%         2
 Passwall                 Tmut/Erth      0%         N/A       43%         2
 Ignite Poison            Fire/Tmut/Pois 2%         N/A       63%         3
 Call Canine Familiar     Summ           0%         N/A       67%         3
 Gell's Gravitas          Tloc           0%         N/A       67%         3
 Summon Guardian Golem    Hex/Summ       0%         N/A       67%         3
 Swiftness                Air            0%         N/A       67%         3
 Teleport Other           Tloc           0%         N/A       67%         3


Dungeon Overview and Level Annotations

Branches:
Dungeon (6/15)             Temple (1/1) D:4

Altars:
Ashenzari
Cheibriados
Dithmenos
Fedhas
Gozag
Hepliaklqana
Kikubaaqudgha
Makhleb
Nemelex Xobeh
Okawaru
Qazlal
Ru
Trog
Uskayaw
Vehumet
Xom
Yredelemnul


Innate Abilities, Weirdness & Mutations

You cannot wear most types of armour.
You are amphibious.
You can wear up to eight rings at the same time.
Your skin changes colour to match your surroundings (Stealth+).
Your rubbery body absorbs attacks. (AC +1, EV +1)
((You are camouflaged when in or above water. (Stealth+)))
You have tentacles for arms and can constrict up to eight enemies at once.


Message History

Found 15 gold pieces.
You drop a +2 battleaxe.
A wight comes into view. It is wielding a +0 flail.
Found 3 stones.
You now have 282 gold pieces (gained 15).
Found an opulent altar of Gozag.
e - 56 stones (gained 3)
A steam dragon comes into view.
The steam dragon hisses angrily.
The steam dragon breathes steam at you. The ball of steam hits you.
You closely miss the steam dragon. You squeeze the steam dragon!
The steam dragon is moderately wounded.
You are engulfed in a cloud of scalding steam.
You block the steam dragon's attack. The steam dragon barely misses you.
You hit the steam dragon.
You squeeze the steam dragon, but do no damage.
The steam dragon is heavily wounded.
You are engulfed in a cloud of scalding steam.
You block the steam dragon's attack.
The steam dragon claws you but does no damage.
You hit the steam dragon.
The steam dragon is heavily wounded.
You are engulfed in a cloud of scalding steam.
The steam dragon completely misses you. You block the steam dragon's attack. x2
The steam dragon claws you but does no damage.
You hit the steam dragon but do no damage.
You squeeze the steam dragon!
The steam dragon is almost dead.
You are engulfed in a cloud of scalding steam.
* * * LOW HITPOINT WARNING * * *
The steam dragon breathes steam at you. The ball of steam hits you!
* * * LOW HITPOINT WARNING * * *
You hear a loud, deep croak!
You hit the steam dragon.
You squeeze the steam dragon, but do no damage.
The steam dragon is almost dead.
You are engulfed in a cloud of scalding steam.
You die...

# .. .......# # ##.
......# # ≈... ...... #
.≈≈≈≈. ..... #
....≈.##... # .._.......
###..# # ....≈.#D.# ....#
# .≈≈≈≈. #@## #.. ...# #
≈≈....##.§#####.####..###
...<....#.#.......##..##.
##......#.#.#..#...#..##.
#......#.#.#.##...#.....
#......#.#........##...#
#......#.....###...)...#
#............#.[.))..###
#####........#)#.[..##


You could see a steam dragon (catching breath).

Vanquished Creatures
  A sky beast (D:3)
  2 black bears
  An ogre (D:4)
  A kobold brigand (D:6)
  3 scorpions (D:5)
  A wight (D:6)
  A howler monkey (D:5)
  2 hounds
  3 jellies (D:5)
  An orc priest (D:3)
  2 sleepcaps
  Ijyb (D:3)
  Natasha (D:3)
  An iguana (D:5)
  3 orc wizards
  Terence (D:3)
  Robin (D:3)
  4 gnolls
  4 adders
  A white imp (D:5)
  2 dart slugs
  14 orcs
  4 ball pythons
  8 bats
  4 endoplasms
  3 giant cockroaches (D:1)
  9 hobgoblins
  4 quokkas
  2 frilled lizards
  16 goblins
  14 kobolds
  6 rats
121 creatures vanquished.

Notes
Turn   | Place    | Note
-------+----------+-------------------------------------------
     0 | D:1      | Chiseanne the Octopode Wanderer began the quest for the
                  | Orb.
     0 | D:1      | Chiseanne set off with the following items: a +0 dagger, a
                  | scroll of fog, a scroll of blinking, a +0 buckler of
                  | protection; and the following spell memorised: Sting; and
                  | the following spells available to memorise: Ignite Poison.
     0 | D:1      | Reached XP level 1. HP: 16/16 MP: 2/2
   280 | D:1      | Reached XP level 2. HP: 21/21 MP: 3/3
   310 | D:1      | Found an ancient bone altar of Kikubaaqudgha.
  1107 | D:2      | Found an iron altar of Okawaru.
  1174 | D:2      | Reached XP level 3. HP: 26/26 MP: 4/4
  1855 | D:3      | Noticed Terence
  1946 | D:3      | Noticed a sky beast
  1947 | D:3      | Noticed Robin
  2085 | D:4      | Reached XP level 4. HP: 13/33 MP: 5/5
  2098 | D:4      | Reached XP level 5. HP: 15/37 MP: 6/6
  2220 | D:4      | Noticed an ogre
  2261 | D:4      | Found a staircase to the Ecumenical Temple.
  2268 | Temple   | Entered the Ecumenical Temple
  2477 | D:3      | Killed Terence
  2536 | D:3      | Found an ancient bone altar of Kikubaaqudgha.
  2536 | D:3      | Noticed Ijyb
  2557 | D:3      | Killed Ijyb
  2558 | D:3      | Reached XP level 6. HP: 24/44 MP: 7/7
  2704 | D:3      | Killed Robin
  2768 | D:3      | Found a stormy altar of Qazlal.
  2837 | D:3      | Found a bloodstained altar of Trog.
  2909 | D:3      | Noticed Natasha
  2914 | D:3      | Killed Natasha
  2979 | D:3      | Found a basalt altar of Yredelemnul.
  2987 | D:3      | Found a sparkling altar of Nemelex Xobeh.
  3100 | D:3      | Killed a sky beast
  3184 | D:4      | Reached skill level 5 in Fighting
  3244 | D:4      | Reached skill level 5 in Shields
  3244 | D:4      | Reached XP level 7. HP: 50/50 MP: 8/8
  3586 | D:4      | Identified the +2 ring mail of Jopeagi {Harm}
  3853 | D:5      | Entered Level 5 of the Dungeon
  4083 | D:5      | Found a shadowy altar of Dithmenos.
  4252 | D:5      | Reached skill level 5 in Dodging
  4252 | D:5      | Reached XP level 8. HP: 32/57 MP: 9/9
  4368 | D:5      | Found a blossoming altar of Fedhas.
  4475 | D:5      | Found a shimmering altar of Xom.
  4566 | D:6      | Identified the "Wun Zoin"
  4798 | D:6      | Upgraded the game from 0.31-a0-1002-g8e65716e6e to
                  | 0.31-a0-1005-gfbdfbacc72
  4845 | D:6      | Found an opulent altar of Gozag.
  4855 | D:6      | HP: 1/58 [steam dragon/ball of steam (16)]
  4856 | D:6      | Engulfed by a steam dragon's steam

Illustrated notes

Levels and vault maps discovered:
D:1:      sevenhm_arrival_forest_fort_large_4, layout_basic, st_stairs_11,
          minmay_hexomino_r4
D:2:      layout_loops_corners, basic_altar
D:3:      layout_rooms, trog_three_pillars_becter,
          nicolae_qazlal_beasts_of_the_sky, mainiacjoe_overflow_small_starburst,
          mainiacjoe_overflow_big_doors, serial_corexii_hall,
          chequers_hall_statues_wall_a, corexii_hall_statues_l,
          corexii_leaking_fountain, uniq_natasha, uniq_ijyb, uniq_terence,
          uniq_robin
D:4:      layout_gridville, minmay_temple_entry_junction_2, minivault_4
D:5:      layout_rooms, nicolae_dithmenos_shadow_blocks,
          mainiacjoe_overflow_alcove_4, mainiacjoe_overflow_alcove_1
D:6:      minmay_recursive_quarters, layout_basic,
          nicolae_gozag_zags_fifth_avenue, glass_columns_a,
          serial_library_hellmonk_junction
Temple:   hellmonk_temple_of_storms

Skill      XL: |  1  2  3  4  5  6  7  8 |
---------------+-------------------------+-----
Dodging        | 2 3 4 5 |  5.7
Fighting       | 4 5 6 |  6.6
Shields        | 4 5 6 |  6.5
Spellcasting   | |  1.0
Poison Magic   | |  1.2
Evocations     | |  1.1

Action                     |  1- 3 |  4- 6 |  7- 9 || total
---------------------------+-------+-------+-------++-------
  Melee: Hand axe          |    30 |       |       ||    30
         Constrict         |    19 |    28 |    24 ||    71
         Tentacles         |     8 |    25 |    36 ||    69
         Rapier            |    54 |    69 |     7 ||   130
         Whip              |       |    36 |    94 ||   130
         Punch             |       |       |     4 ||     4
  Throw: Dart              |     4 |    17 |     2 ||    23
    Use: Scroll            |    11 |     1 |     6 ||    18
         Potion            |       |     2 |       ||     2
   Stab: Sleeping          |     7 |     1 |     4 ||    12
         Distracted        |       |     1 |       ||     1
 Armour: Skin              |    39 |    75 |    45 ||   159
  Dodge: Dodged            |    42 |    77 |    36 ||   155
  Block: Buckler           |    14 |    70 |    72 ||   156
         Reflection        |       |       |     3 ||     3

Table legend: (Time is in decaauts)
 A = Elapsed time spent in this place.
 B = Non-inter-level travel time spent in this place.
 C = Inter-level travel time spent in this place.
 D = Time resting spent in this place.
 E = Time spent auto-exploring this place.
 F = Levels seen in this place.
 G = Mean time per level.
                   A        B        C        D        E       F      G
               +--------+--------+--------+--------+--------+-----+--------+
         Total |   4930 |   4719 |    211 |    524 |   3073 |   7 |  704.3 |
       Dungeon |   4745 |   4534 |    211 |    499 |   2960 |   6 |  790.8 |
        Temple |    184 |    184 |      0 |     25 |    113 |   1 |  184.0 |
               +--------+--------+--------+--------+--------+-----+--------+

Top non-repeatable levels by time:
     D:4: 1032 daAuts
     D:1: 1028 daAuts
     D:2: 890 daAuts
     D:3: 777 daAuts
     D:5: 719 daAuts
     D:6: 297 daAuts
  Temple: 184 daAuts
